 Dungeon Crawl Stone Soup version 0.19-a0-1815-g4007336 (webtiles) character file.

217 Atkozott the Skirmisher (level 5, -2/61 HPs)
             Began as an Ogre Berserker on Oct 5, 2016.
             Was a Believer of Trog.
             Killed from afar by Sigmund (6 damage)
             ... with a magic dart
             ... on level 3 of the Dungeon.
             The game lasted 00:08:23 (3299 turns).

Atkozott the Skirmisher (Ogre Berserker)            Turns: 3299, Time: 00:08:24

Health: -2/61      AC:  3    Str: 23    XL:     5   Next: 94%
Magic:  5/5        EV:  5    Int:  6    God:    Trog [**....]
Gold:   152        SH: 14    Dex:  9    Spells: 0 memorised, 4 levels left

rFire  . . .     SeeInvis .     n - +0 flail
rCold  . . .     Gourm    .     b - +0 animal skin
rNeg   . . .     Faith    .     c - +2 large shield
rPois  +         Spirit   .     (helmet restricted)
rElec  .         Dismiss  .     (no cloak)
rCorr  .         Reflect  .     (gloves unavailable)
MR     .....     Harm     .     (boots unavailable)
Stlth  +.........               (no amulet)
                                (no ring)
                                k - ring of poison resistance

@: lethally poisoned (-2 -> -3)
A: unfitting armour, tough skin 1
a: Berserk, Trog's Hand, Burn Spellbooks, Renounce Religion


You were on level 3 of the Dungeon.
You worshipped Trog.
Trog was pleased with you.
You were hungry.

You visited 1 branch of the dungeon, and saw 3 of its levels.

You collected 152 gold pieces.

Inventory:

Hand Weapons
 a - a +0 mace
 n - a +0 flail (weapon)
Missiles
 f - 78 stones (quivered)
Armour
 b - a +0 animal skin (worn)
 c - a +2 large shield (worn)
Jewellery
 e - an uncursed amulet of rage
 k - a ring of poison resistance (left hand)
Scrolls
 d - a scroll of remove curse
 g - a scroll of noise
 m - a scroll of teleportation {unknown}
 o - 2 scrolls of identify
Potions
 h - 4 potions of curing
 i - a potion of ambrosia {unknown}
 j - a potion of invisibility
 p - a potion of mutation {unknown}
Comestibles
 l - a bread ration
 q - a royal jelly


   Skills:
 + Level 6.4 Fighting
 + Level 6.3 Maces & Flails
 + Level 1.3 Throwing
 - Level 2.6 Dodging


You had 4 spell levels left.
You didn't know any spells.

Dungeon Overview and Level Annotations

Branches:
Dungeon (3/15)

Altars:
Xom

Annotations:
D:3 Sigmund


Innate Abilities, Weirdness & Mutations

You are too large for most types of armour.
You have tough skin. (AC +1)


Message History

You hit the adder but do no damage. The bat hits you but does no damage.
You block the adder's attack.
You barely miss the adder. You block the bat's attack. x2
The adder bites you.
You are poisoned.
The adder poisons you! Something hits you!
* * * LOW HITPOINT WARNING * * *
The adder bites you.
* * * LOW HITPOINT WARNING * * *
You feel sick. You block the bat's attack. You block the adder's attack.
Sigmund appears from thin air!
Reactivating autopickup.
The bat hits you but does no damage.
You feel sick. You block the bat's attack. You block the bat's attack.
You feel sick. The bat barely misses you. You block the adder's attack.
The bat barely misses you. Sigmund gestures at you while chanting.
The magic dart hits you!
You die...

##..............#
#.............#
####...#....#.#####
##..............
#....8.........
##)..8.8........
#...8._.8..#....
##.b..8.8........#
##.<@...8...#.#...###
##...........#.##.....
#......S@.........#...
#.....................
##....................
#...............?....
...#..................
#.####...#.............
#. ###.#............†


You could see Sigmund, an adder and a bat.

Vanquished Creatures
  8 gnolls
  5 adders
  2 worms (D:2)
  5 dart slugs
  2 leopard geckos (D:2)
  3 giant cockroaches
  9 goblins
  9 hobgoblins
  10 jackals
  9 bats
  5 frilled lizards
  7 kobolds
  6 rats
80 creatures vanquished.

Notes
Turn   | Place    | Note
-------+----------+-------------------------------------------
     0 | D:1      | Atkozott the Ogre Berserker began the quest for the Orb.
     0 | D:1      | Reached XP level 1. HP: 24/24 MP: 1/1
   305 | D:1      | Reached XP level 2. HP: 13/32 MP: 2/2
   769 | D:1      | You fall through a shaft!
   778 | D:2      | Reached skill level 5 in Maces & Flails
   778 | D:2      | Reached XP level 3. HP: 32/40 MP: 3/3
  1310 | D:1      | Reached skill level 5 in Fighting
  1429 | D:1      | Reached XP level 4. HP: 7/50 MP: 4/4
  1780 | D:2      | Found a shimmering altar of Xom.
  1785 | D:2      | Reached ** piety under Trog
  2578 | D:2      | Reached XP level 5. HP: 56/59 MP: 5/5
  3012 | D:2      | Reached skill level 1 in Throwing
  3052 | D:3      | Found a faded altar of an unknown god.
  3277 | D:3      | Noticed Sigmund
  3299 | D:3      | Killed from afar by Sigmund

Vault maps used:
D:1:      minmay_arrival_doors
D:2:      nicolae_overflow_crystal_walls, minmay_circled_x
D:3:      zin_angel, ecumenical_altar_2, lightli_corner_chamber, uniq_sigmund

Skill      XL: |  1  2  3  4  5 |
---------------+----------------+-----
Maces & Flails | 5 6 |  6.3
Fighting       | 5 6 |  6.4
Throwing       | 1 |  1.3
Dodging        | |  2.6

Action                   |  1- 3 |  4- 6 || total
-------------------------+-------+-------++-------
Melee: Mace              |    92 |   117 ||   209
       Flail             |       |    44 ||    44
Throw: Stone             |       |    23 ||    23
Invok: Berserk           |     2 |     2 ||     4
  Use: Scroll            |       |     5 ||     5
       Potion            |       |     4 ||     4
 Stab: Sleeping          |       |     1 ||     1
  Eat: Chunk             |     1 |     7 ||     8
       Bread ration      |     1 |       ||     1
Armor: Animal skin       |    14 |    65 ||    79
Dodge: Dodged            |    53 |   109 ||   162
Block: Large shield      |       |    50 ||    50
